cohdb
Replays
Latest Replays
All Replays
Popular Replays
Top Player Replays
Match Explorer
How It Works
Community
CoH3 Stats
Reddit
Sign in to upload your games and track your stats! →
Sign in with Steam
Match 39136201
Unlisted
Match 39136201
Overview
Messages
Build Orders
End
Construct Infanterie Kompanie
Kettenkrad Recon Vehicle
Grenadier Squad
MG 42 Machine Gun Team
Grenadier Squad
Construct Panzergrenadier Kompanie
Selects Mechanized Battlegroup
Selects Mobile Repair Stations
Panzergrenadier Squad
Medical Bunker
251 Medium Carrier
Panzergrenadier Officer Quarters
Support Elements
Pak 40 Anti-tank Gun Team
Nebelwerfer 42 Rocket Launcher Team
Construct Panzer Kompanie
Selects Raid Package
Selects StuG Assault Group
Selects UNKNOWN (2160084)
Panther Heavy Tank
Panzer Officer Quarters
Side Skirts
Stoßtruppen Squad
insane
I.S.M.A.I.L
R
HipHopper_2006
zugru90
Cerva
ARC_RAID
SmartestDavid
0
0
Comments
sign in to comment!
No comments posted yet!